 Dungeon Crawl Stone Soup version 0.19.1 (webtiles) character file.

339935 Haldmier the Slayer (level 21, -9/206 HPs)
             Began as a Minotaur Berserker on Dec 8, 2016.
             Was the Champion of Trog.
             Killed from afar by a deep elf sorcerer (44 damage)
             ... with damnation
             ... on level 4 of the Vaults.
             The game lasted 03:32:43 (50329 turns).

Haldmier the Slayer (Minotaur Berserker)           Turns: 50329, Time: 03:32:44

Health: -9/206     AC: 30    Str: 25    XL:     21   Next: 6%
Magic:  0/26       EV: 25    Int:  3    God:    Trog [******]
Gold:   3761       SH: 18    Dex: 25    Spells: 0 memorised, 20 levels left

rFire  . . .     SeeInvis +     O - +9 eveningstar (freeze)
rCold  + . .     Gourm    .     Z - +4 plate armour "Idot" {rC+}
rNeg   + . .     Faith    .     V - +3 shield of Disguise {MR- Dex+5}
rPois  +         Spirit   +     e - +0 hat of Cowardice {rN+ MR+ Stlth+}
rElec  .         Reflect  .     t - +0 cloak
rCorr  +         Harm     .     F - +0 pair of gloves
MR     ++++.                    v - +1 pair of boots
Stlth  ..........               K - amulet of Oshuuts {Spirit rPois MR+++ Int-4 Stlth+}
                                P - ring of resist corrosion
                                i - ring of see invisible

@: no status effects
A: retaliatory headbutt, horns 2, agile 2, strong 1
a: Berserk, Trog's Hand, Brothers in Arms, Burn Spellbooks, Renounce Religion
}: 2/15 runes: decaying, gossamer


You were on level 4 of the Vaults.
You worshipped Trog.
Trog was exalted by your worship.
You were not hungry.

You visited 6 branches of the dungeon, and saw 35 of its levels.
You also visited: Ossuary, Bailey and Volcano.

You collected 4401 gold pieces.
You spent 640 gold pieces at shops.

Inventory:

Hand Weapons
 O - a +9 eveningstar of freezing (weapon)
Missiles
 z - 32 tomahawks (quivered)
 C - 4 throwing nets
Armour
 e - the +0 hat of Cowardice (worn) {rN+ MR+ Stlth+}
   (You acquired it on level 4 of the Lair of Beasts)

   It protects you from negative energy.
   It affects your resistance to hostile enchantments.
   It makes you more stealthy.
 j - +0 fire dragon scales
 t - a +0 cloak (worn)
 v - a +1 pair of boots (worn)
 F - a +0 pair of gloves (worn)
 V - the +3 shield of Disguise (worn) {MR- Dex+5}
   (You took it off Donald on level 3 of the Vaults)

   It affects your dexterity (+5).
   It affects your resistance to hostile enchantments.
 Z - the +4 plate armour "Idot" (worn) {rC+}
   (You found it on level 6 of the Lair of Beasts)

   It protects you from cold.
Jewellery
 i - a ring of see invisible (left hand)
 p - an uncursed ring of protection from fire
 K - the amulet of Oshuuts (around neck) {Spirit rPois MR+++ Int-4 Stlth+}
   (You took it off a vault sentinel on level 2 of the Vaults)

   [amulet of guardian spirit]

   It causes incoming damage to be split between your health and magic.
   It affects your intelligence (-4).
   It protects you from poison.
   It affects your resistance to hostile enchantments.
   It makes you more stealthy.
 P - a ring of resist corrosion (right hand)
 R - an uncursed ring of flight
Wands
 s - a wand of iceblast (7/15)
 w - a wand of disintegration (14/24)
 B - a wand of disintegration (14/24)
 Q - a wand of digging (13/24)
Scrolls
 g - 18 scrolls of identify
 k - 3 scrolls of teleportation
 l - a scroll of fog
 n - 3 scrolls of blinking
 r - 4 scrolls of fear
 x - a scroll of recharging
 y - 18 scrolls of remove curse
 L - 3 scrolls of summoning
 N - 3 scrolls of magic mapping
Potions
 b - 4 potions of heal wounds
 d - a potion of flight
 q - 7 potions of curing
 u - 6 potions of might
 A - 6 potions of resistance
 D - 6 potions of cancellation
 J - 3 potions of haste
 M - 7 potions of agility
 T - 6 potions of invisibility
Miscellaneous
 o - a fan of gales
Comestibles
 a - 15 chunks of flesh
 c - 21 bread rations
 f - 25 meat rations
 h - 11 beef jerkies
 m - 23 fruits
 E - 17 royal jellies


   Skills:
 - Level 21.7 Fighting
 - Level 16.1 Maces & Flails
 - Level 21.3 Armour
 - Level 20.5 Dodging
 + Level 13.6 Shields
 - Level 8.0 Evocations


You had 20 spell levels left.
You didn't know any spells.

Dungeon Overview and Level Annotations

Branches:
Dungeon (15/15)            Temple (0/1) D:7            Lair (6/6) D:8
  Swamp (4/4) Lair:3       Spider (4/4) Lair:2        Slime (0/5) Lair:5
    Orc (2/2) D:12            Elf (0/3) Orc:2        Vaults (4/5) D:14
  Crypt (0/3) Vaults:2     Depths (0/5) D:15

Altars:
Dithmenos
Elyvilon
Hepliaklqana
Kikubaaqudgha
Okawaru
Qazlal
Ru
Trog
Xom
Yredelemnul
Zin
The Shining One
Jiyva

Shops:
D:5 %   D:8 =   D:11 :   D:13 }*[   D:14 [   Orc:1 }   Orc:2 *(%(   Vaults:1 !
Vaults:3 =


Innate Abilities, Weirdness & Mutations

You reflexively headbutt those who attack you in melee.
You have a pair of horns on your head.
You are very agile. (Dex +4)
Your muscles are strong. (Str +2)


Message History

An ogre comes into view. It is wielding a giant spiked club.
You bludgeon the vault warden!! You freeze the vault warden.
The vault warden is almost dead.
The vault warden hits you with a battleaxe!!!
* * * LOW HITPOINT WARNING * * *
A two-headed ogre comes into view.
It is wielding a giant spiked club and a giant club.
The two-headed ogre shouts in stereo!
You take 33 damage, and have 6/205 hp.
You now have 1/26 mp.
You feel much better. You block the vault warden's attack.
You regained 25 hp, and now have 31/206 hp.
An ogre and an ironbrand convoker come into view.
Things that are here:
a halberd of flaming; a scale mail; a tengu corpse The ironbrand convoker begins to recite a word of recall!
The deep elf sorcerer is recalled.
A deep elf sorcerer comes into view. It is wielding a dagger.
You open the door. The deep elf sorcerer misses you.
The deep elf sorcerer points at you and mumbles some strange words.
The sphere of damnation explodes!
The damnation engulfs you!
You die...

###'###### O..# #......# ##)O####
#......# #).###.## #...<..#
#)###...## #......# ##.##)....#
#......# #.pp..#p#.....# #......#
#..####e####..# #......#
####.......# ##
##+#############@################
...........................
...........................
.......%...................
...........................
...........................
...........................
...........................
###########################


You could see a deep elf sorcerer and a vault sentinel.

Vanquished Creatures
  Arachne (Spider:4)
  A tentacled monstrosity (Vaults:4)
  The ghost of Philosophy the Warrior, an adept FoFi of Okawaru (Swamp:4)
  A tengu reaver (Vaults:4)
  Donald (Vaults:3)
  A thorn hunter (Swamp:4)
  A storm dragon (Vaults:4)
  4 fire giants (Vaults:4)
  18 vault wardens
  4 frost giants
  5 ghost moths
  Louise (Spider:4)
  2 deep elf sorcerers
  5 emperor scorpions
  The ghost of Paps the Severer, a journeyman MiFi of Okawaru (Spider:1)
  Aizul (Swamp:1)
  16 ironheart preservers
  A war gargoyle (Vaults:3)
  5 entropy weavers
  7 very ugly things
  Azrael (Spider:1)
  4 spark wasps
  A deep elf annihilator (Vaults:2)
  An ettin (Vaults:4)
  4 fire dragons
  7 great orbs of eyes
  9 yaktaur captains
  11 ogre magi
  13 vault guards
  Harold (Lair:4)
  6 ice dragons
  22 hydras
  A rakshasa (Vaults:3)
  4 catoblepae
  3 ghost crabs
  2 death knights
  A merfolk avatar (Swamp:4)
  5 centaur warriors
  8 alligators
  22 death yaks
  2 deep troll shamans
  A queen ant (shapeshifter) (Vaults:4)
  10 spriggans
  4 deep elf knights
  Nergalle (D:11)
  The ghost of slayr the Destroyer, a novice TeCj of Vehumet (D:8)
  A hell knight (Volcano)
  3 fire crabs (Swamp:4)
  A shadow wraith (Vaults:3)
  4 skeletal warriors
  A glowing orange brain (Vaults:3)
  3 shambling mangroves
  6 unseen horrors
  3 spriggan druids
  5 deep trolls
  2 flayed ghosts
  12 orc knights
  2 phantasmal warriors (Vaults:2)
  14 ironbrand convokers
  Pikel (D:7)
  The ghost of Paps the Cleaver, a novice MiFi (D:6)
  7 deep elf archers
  5 hill giants
  2 necromancers
  3 wizards
  3 swamp dragons
  A lindwurm (Lair:6)
  A human zombie (Vaults:2)
  11 harpies
  A harpy (shapeshifter) (Vaults:2)
  27 orb spiders
  A wolf spider zombie (D:15)
  16 deep elf magi
  52 wolf spiders
  9 cyclopes
  25 ugly things
  Maurice (D:9)
  An orc sorcerer (D:15)
  A salamander (Spider:4)
  10 elephants
  17 vault sentinels
  A moth of wrath (Spider:4)
  A stone giant skeleton (Vaults:2)
  Joseph (D:7)
  6 black mambas
  2 gargoyles
  2 torpor snails (Spider:4)
  A naga mage (D:15)
  12 spiny frogs
  A molten gargoyle (Swamp:4)
  A rime drake (shapeshifter) (Vaults:1)
  A redback zombie (D:15)
  2 freezing wraiths
  37 yaktaurs
  A kobold demonologist (D:10)
  4 rime drakes
  A komodo dragon (shapeshifter) (Vaults:2)
  9 komodo dragons
  31 demonic crawlers
  A queen bee (Spider:3)
  A polar bear (Lair:5)
  11 trolls
  A queen bee (shapeshifter) (Vaults:1)
  A wolf spider simulacrum (D:15)
  A meliai (shapeshifter) (Vaults:4)
  36 jumping spiders
  A sphinx simulacrum (Vaults:2)
  9 tyrant leeches
  4 meliai
  20 hornets
  19 two-headed ogres
  7 bog bodies
  A fire giant simulacrum (Vaults:2)
  4 dream sheep (Lair:6)
  22 blink frogs
  A hippogriff (shapeshifter) (Vaults:1)
  A stone giant simulacrum (Vaults:2)
  37 slime creatures
  3 hippogriffs
  3 shadows
  3 water elementals (D:12)
  A vampire (D:12)
  3 wraiths
  99 redbacks
  37 yaks
  32 tarantellas
  A basilisk (Lair:2)
  3 fire elementals
  2 wyverns
  4 hogs
  21 humans
  2 fire bats (Swamp:4)
  Eustachio (D:4)
  A hungry ghost (D:11)
  2 steam dragons (Swamp:4)
  A basilisk (shapeshifter) (Vaults:3)
  10 vampire mosquitoes
  13 swamp worms
  7 wargs
  15 insubstantial wisps
  3 mottled dragons (Swamp:4)
  12 water moccasins
  2 hell hounds (Spider:1)
  A deep troll skeleton (Vaults:2)
  6 porcupines
  37 orc warriors
  13 swamp drakes
  An ice beast (D:8)
  A hornet zombie (D:13)
  A black bear (Lair:2)
  The ghost of Paps the Shield-Bearer, an amateur MiFi (D:4)
  5 sky beasts
  4 boggarts (Vaults:1)
  60 ogres
  A necrophage (D:9)
  A tengu (shapeshifter) (Vaults:3)
  10 wolves
  4 phantoms
  26 centaurs
  12 crocodiles
  16 bullfrogs
  A glowing shapeshifter simulacrum (Vaults:3)
  A wyvern skeleton (D:10)
  2 scorpions
  A water moccasin skeleton (D:4)
  25 killer bees
  12 wights
  9 electric eels
  6 crimson imps
  4 quasits
  6 centaur zombies
  2 bullfrog zombies
  A jelly (D:13)
  10 hounds
  28 orc wizards
  16 orc priests
  3 centaur skeletons
  Crazy Yiuf (D:2)
  9 iguanas
  7 worker ants
  A big kobold zombie (Ossuary)
  A hound skeleton (D:6)
  Robin (D:3)
  3 mummies (Ossuary)
  5 gnolls
  14 adders
  3 shadow imps
  An ooze (D:7)
  4 adder zombies
  A worm (D:4)
  3 dart slugs
  5 leopard geckos
  113 orcs
  A ball python (D:4)
  3 giant cockroaches
  A gnoll zombie (Ossuary)
  11 hobgoblins
  11 jackals
  8 quokkas
  7 bats
  3 frilled lizards
  17 goblins
  3 goblin zombies (Ossuary)
  2 hobgoblin zombies (Ossuary)
  6 kobolds
  A leopard gecko zombie (D:6)
  2 quokka skeletons
  3 quokka zombies (Ossuary)
  12 rats
  5 rat zombies (Ossuary)
  3 briar patches (Swamp:4)
  A bush (D:4)
  A fungus (Spider:4)
1648 creatures vanquished.

Vanquished Creatures (collateral kills)
  An emperor scorpion (Spider:1)
  A jumping spider (Spider:4)
  An orc warrior (Bailey)
  3 orcs (Bailey)
6 creatures vanquished.

Vanquished Creatures (others)
  A deep elf knight (Vaults:2)
  A swamp dragon (Swamp:4)
  A water elemental (D:12)
  2 redbacks (Spider:4)
  A steam dragon (Swamp:4)
  2 swamp drakes (Swamp:4)
  2 slaves (D:7)
  A crimson imp (D:12)
  14 fungi
  13 plants
38 creatures vanquished.

Grand Total: 1692 creatures vanquished

Notes
Turn   | Place    | Note
-------+----------+-------------------------------------------
     0 | D:1      | Haldmier the Minotaur Berserker began the quest for the Orb.
     0 | D:1      | Reached XP level 1. HP: 19/19 MP: 0/0
   282 | D:1      | Reached XP level 2. HP: 23/26 MP: 1/1
  1001 | D:2      | Reached skill level 5 in Maces & Flails
  1001 | D:2      | Reached XP level 3. HP: 28/31 MP: 2/2
  1144 | D:2      | Found a bloodstained altar of Trog.
  1154 | D:2      | Reached ** piety under Trog
  1268 | D:2      | Found a faded altar of an unknown god.
  1307 | D:2      | Found a stormy altar of Qazlal.
  1654 | D:2      | Found a runed door.
  1658 | D:2      | Noticed Crazy Yiuf
  1664 | D:2      | Killed Crazy Yiuf
  1664 | D:2      | Reached XP level 4. HP: 39/39 MP: 3/3
  2174 | D:3      | Reached XP level 5. HP: 44/45 MP: 4/4
  2252 | D:3      | Found a sacrificial altar of Ru.
  2311 | D:3      | Noticed Robin
  2353 | D:3      | Killed Robin
  2554 | D:3      | Reached *** piety under Trog
  2762 | D:4      | Found an ancient bone altar of Kikubaaqudgha.
  2805 | D:4      | Reached XP level 6. HP: 51/51 MP: 5/5
  2862 | D:4      | Noticed Paps's ghost (amateur MiFi)
  2871 | D:4      | Killed Paps's ghost
  3276 | D:4      | Noticed Eustachio
  3300 | D:4      | Killed Eustachio
  3300 | D:4      | Reached skill level 10 in Maces & Flails
  3300 | D:4      | Reached XP level 7. HP: 57/57 MP: 6/6
  3416 | D:5      | Entered Level 5 of the Dungeon
  3467 | D:5      | Got a brightly glowing ring mail
  3498 | D:5      | Identified the +3 ring mail "Pyfraokhle" {Dex+4 Stlth+} (You found it on level 5 of the Dungeon)
  3927 | D:5      | Found Pirerigi's Food Shop.
  4390 | D:6      | Reached XP level 8. HP: 64/64 MP: 7/7
  4397 | D:6      | Noticed Paps's ghost (novice MiFi)
  4419 | D:6      | Killed Paps's ghost
  4642 | D:6      | Reached **** piety under Trog
  4987 | D:6      | Reached XP level 9. HP: 70/70 MP: 8/8
  5271 | D:7      | Found a staircase to the Ecumenical Temple.
  5355 | D:7      | Reached skill level 5 in Fighting
  5534 | D:7      | Noticed Pikel
  5543 | D:7      | Killed Pikel
  5543 | D:7      | Reached skill level 5 in Armour
  5543 | D:7      | Reached skill level 5 in Dodging
  5587 | D:7      | Reached XP level 10. HP: 74/84 MP: 9/9
  5818 | D:7      | Reached ***** piety under Trog
  5913 | D:7      | Noticed Joseph
  5935 | D:7      | Killed Joseph
  6092 | D:7      | Found a hazy altar of Hepliaklqana.
  6163 | D:8      | Found a sand-covered staircase.
  6168 | Ossuary  | Entered an ossuary
  6334 | D:8      | Noticed slayr's ghost (novice TeCj)
  6350 | D:8      | Killed slayr's ghost
  6415 | D:8      | Found a flagged portal.
  6420 | D:8      | Received a gift from Trog
  6457 | Bailey   | Entered a bailey
  6876 | Bailey   | Noticed an orc knight
  7198 | Bailey   | Noticed an orc knight
  7198 | Bailey   | Noticed an orc knight
  7227 | Bailey   | Noticed an orc knight
  7613 | D:8      | Found an iron altar of Okawaru.
  7827 | D:8      | Found Calacs's Jewellery Shoppe.
  8075 | D:8      | Found a staircase to the Lair.
  8224 | Lair:1   | Entered Level 1 of the Lair of Beasts
  8587 | Lair:1   | Noticed a spiny frog
  8603 | Lair:1   | Killed a spiny frog
  8603 | Lair:1   | Reached XP level 11. HP: 97/97 MP: 10/10
  9252 | Lair:2   | Reached skill level 1 in Shields
  9658 | Lair:2   | Reached skill level 10 in Fighting
  9798 | Lair:2   | Found a hole to the Spider Nest.
  9798 | Lair:2   | Noticed an orb spider
  9825 | Lair:2   | Killed an orb spider
  9939 | Lair:2   | Reached skill level 10 in Armour
 10566 | Lair:3   | Found a staircase to the Swamp.
 10765 | Lair:3   | Noticed an eight-headed hydra
 10776 | Lair:3   | Killed an eight-headed hydra
 11014 | Lair:3   | Noticed a catoblepas
 11027 | Lair:3   | Killed a catoblepas
 11122 | Lair:3   | Reached skill level 5 in Shields
 11314 | Lair:3   | Reached XP level 12. HP: 102/110 MP: 11/11
 11961 | Lair:4   | Found a dark tunnel.
 11971 | Lair:4   | Gained mutation: Your muscles are strong. (Str +2) [potion of beneficial mutation]
 11982 | Lair:4   | Identified a scroll of acquirement
 11983 | Lair:4   | Got an ichor-stained hat
 11989 | Lair:4   | Identified the +0 hat of Cowardice {rN+ MR+ Stlth+} (You acquired it on level 4 of the Lair of Beasts)
 11991 | Volcano  | Entered a volcano
 12010 | Volcano  | Noticed a centaur warrior
 12013 | Volcano  | Killed a centaur warrior
 12140 | Volcano  | Reached skill level 10 in Dodging
 12918 | Lair:4   | Noticed Harold
 12934 | Lair:4   | Killed Harold
 12934 | Lair:4   | Reached skill level 15 in Maces & Flails
 13270 | Lair:5   | Found a viscous altar of Jiyva.
 13270 | Lair:5   | Found a staircase to the Slime Pits.
 13348 | Lair:5   | Noticed a death yak
 13349 | Lair:5   | Noticed a death yak
 13349 | Lair:5   | Noticed a death yak
 13350 | Lair:5   | Noticed a death yak
 13361 | Lair:5   | Killed a death yak
 13371 | Lair:5   | Killed a death yak
 13377 | Lair:5   | Killed a death yak
 13384 | Lair:5   | Killed a death yak
 13624 | Lair:5   | Received a gift from Trog
 14198 | Lair:6   | Entered Level 6 of the Lair of Beasts
 14280 | Lair:6   | Noticed a catoblepas
 14289 | Lair:6   | Killed a catoblepas
 14289 | Lair:6   | Reached XP level 13. HP: 118/118 MP: 12/12
 15778 | Lair:6   | Got a heavily runed plate armour
 15799 | Lair:6   | Identified the +4 plate armour "Idot" {rC+} (You found it on level 6 of the Lair of Beasts)
 16624 | Lair:6   | Reached XP level 14. HP: 95/130 MP: 13/13
 18024 | D:9      | Found a basalt altar of Yredelemnul.
 18054 | D:9      | Noticed Maurice
 18062 | D:9      | Killed Maurice
 18469 | D:9      | Found a white marble altar of Elyvilon.
 18469 | D:9      | Found a glowing golden altar of the Shining One.
 18470 | D:9      | Found a glowing silver altar of Zin.
 18507 | D:10     | Entered Level 10 of the Dungeon
 18930 | D:10     | Reached ****** piety under Trog
 19181 | D:11     | Noticed Nergalle
 19188 | D:11     | Killed Nergalle
 19257 | D:11     | Found Toasuvis's Book Boutique.
 19279 | D:11     | Received a gift from Trog
 19593 | D:12     | Got a warped chain mail
 19770 | D:12     | Found a staircase to the Orcish Mines.
 20920 | Orc:1    | Entered Level 1 of the Orcish Mines
 20953 | Orc:1    | Reached skill level 15 in Fighting
 21097 | Orc:2    | Entered Level 2 of the Orcish Mines
 21131 | Orc:2    | Received a gift from Trog
 21345 | Orc:2    | Found a staircase to the Elven Halls.
 21347 | Orc:2    | Found Rovate's Antique Weapon Shop.
 21373 | Orc:2    | Gained mutation: You are agile. (Dex +2) [potion of beneficial mutation]
 21384 | Orc:2    | Gained mutation: You are very agile. (Dex +4) [potion of beneficial mutation]
 21873 | Orc:2    | Found Dif Bol's Antique Weapon Shop.
 21952 | Orc:2    | Reached skill level 15 in Armour
 21958 | Orc:2    | Found Naoll's Assorted Antiques.
 21977 | Orc:2    | Found Quleupoh's Food Boutique.
 22337 | Orc:2    | Identified the +7 chain mail of the Rabble {Str+3} (You found it on level 12 of the Dungeon)
 22434 | Orc:1    | Reached XP level 15. HP: 132/140 MP: 14/14
 22480 | Orc:1    | Found Nigurchot's Gadget Shop.
 22678 | Orc:1    | Received a gift from Trog
 22690 | Orc:1    | Got a brightly glowing hunting sling {god gift}
 22896 | D:11     | Identified the +9 hunting sling "Plog" {velocity, rElec rC- rN+} (Trog gifted it to you on level 1 of the Orcish Mines)
 23249 | D:13     | Found Inkevot's Gadget Emporium.
 23339 | D:13     | Found Wyhat's Antique Armour Boutique.
 23445 | D:13     | Found Ovvobra's General Store.
 23676 | D:14     | Found Testriuma's Antique Armour Boutique.
 23907 | D:14     | Found a gate to the Vaults.
 24045 | D:14     | Found a shadowy altar of Dithmenos.
 24317 | D:15     | Entered Level 15 of the Dungeon
 24423 | D:15     | Found a shimmering altar of Xom.
 24684 | D:15     | Found a staircase to the Depths.
 24694 | D:15     | Received a gift from Trog
 24709 | D:15     | Reached skill level 15 in Dodging
 25044 | D:15     | Found a stormy altar of Qazlal.
 25488 | D:8      | Bought an uncursed ring of poison resistance for 220 gold pieces
 25614 | Spider:1 | Entered Level 1 of the Spider Nest
 25673 | Spider:1 | Reached skill level 1 in Evocations
 25994 | Spider:1 | Noticed Paps's ghost (journeyman MiFi)
 26005 | Spider:1 | Killed Paps's ghost
 27015 | Spider:1 | Got a pair of twisted gloves
 27130 | Spider:1 | Noticed Azrael
 27145 | Spider:1 | Killed Azrael
 27145 | Spider:1 | Received a gift from Trog
 27145 | Spider:1 | Reached XP level 16. HP: 153/153 MP: 17/17
 27351 | Spider:1 | Identified the cursed +0 pair of gloves "Plog" {rElec rPois Dex+2 Slay-4} (You found it on level 1 of the Spider Nest)
 27924 | Spider:1 | HP: 6/155 [redback (12)]
 28964 | Spider:2 | Received a gift from Trog
 29222 | Spider:4 | Entered Level 4 of the Spider Nest
 29640 | Spider:3 | Reached skill level 5 in Evocations
 30938 | Spider:3 | Received a gift from Trog
 31655 | Spider:4 | Noticed Louise
 31721 | Spider:4 | Killed Louise
 31978 | Spider:4 | Noticed Arachne
 32667 | Spider:3 | Reached XP level 17. HP: 126/163 MP: 20/20
 32980 | Spider:4 | Killed Arachne
 33182 | Spider:4 | Received a gift from Trog
 33802 | Spider:4 | Got a shimmering demon whip {god gift}
 33805 | Spider:3 | Identified the +3 demon whip "Fure" {protect, rPois rC+} (Trog gifted it to you on level 4 of the Spider Nest)
 34685 | Spider:4 | HP: 3/166 [spark wasp (16)]
 35316 | Spider:4 | Got a gossamer rune of Zot
 35613 | Swamp:1  | Entered Level 1 of the Swamp
 35745 | Swamp:1  | Received a gift from Trog
 35830 | Swamp:1  | Noticed Aizul
 35859 | Swamp:1  | Killed Aizul
 37350 | Swamp:3  | Reached XP level 18. HP: 145/174 MP: 19/23
 37618 | Swamp:3  | Received a gift from Trog
 38328 | Swamp:4  | Entered Level 4 of the Swamp
 38620 | Swamp:4  | Got a polished hunting sling
 39074 | Swamp:4  | Noticed Philosophy's ghost (adept FoFi)
 39114 | Swamp:4  | Killed Philosophy's ghost
 39799 | Swamp:4  | Received a gift from Trog
 40118 | Swamp:4  | Got a decaying rune of Zot
 40200 | Swamp:4  | Identified the cursed +0 hunting sling of the Illusory Ghosts {flame, +Blink} (You found it on level 4 of the Swamp)
 40336 | Swamp:4  | Got an ichor-stained scale mail
 40679 | Lair:1   | Identified the +1 scale mail of the New World {Regen+} (You found it on level 4 of the Swamp)
 40912 | Vaults:1 | Entered Level 1 of the Vaults
 42159 | Vaults:1 | Received a gift from Trog
 42470 | Vaults:1 | Reached XP level 19. HP: 185/185 MP: 24/24
 42790 | Vaults:1 | Found Souczour's Distillery.
 44460 | Vaults:2 | Received a gift from Trog
 44501 | Vaults:2 | Got a fine bone amulet
 44891 | Vaults:2 | Paralysed by a great orb of eyes for 5 turns
 45941 | Vaults:2 | Found a staircase to the Crypt.
 46142 | Vaults:3 | Received a gift from Trog
 46365 | Vaults:2 | Reached XP level 20. HP: 187/198 MP: 25/25
 47161 | Vaults:3 | Found Lucipsy's Jewellery Shoppe.
 47191 | Vaults:3 | Bought an uncursed amulet of regeneration for 420 gold pieces
 47191 | Vaults:3 | Identified the amulet of Oshuuts {Spirit rPois MR+++ Int-4 Stlth+} (You took it off a vault sentinel on level 2 of the Vaults)
 47249 | Vaults:3 | Received a gift from Trog
 47374 | Vaults:3 | Noticed Donald
 47397 | Vaults:3 | Killed Donald
 47419 | Vaults:3 | Got a smoking shield {Donald}
 47494 | Vaults:3 | Identified the +3 shield of Disguise {MR- Dex+5} (You took it off Donald on level 3 of the Vaults)
 49468 | Vaults:4 | Reached skill level 10 in Shields
 49524 | Vaults:4 | Received a gift from Trog
 50206 | Vaults:4 | Received a gift from Trog
 50278 | Vaults:4 | Reached XP level 21. HP: 205/205 MP: 26/26
 50318 | Vaults:4 | HP: 6/205 [vault warden/battleaxe (33)]
 50329 | Vaults:4 | Killed from afar by a deep elf sorcerer

Skill      XL: |  1  2  3  4  5  6  7  8  9 10 11 12 13 14 15 16 17 18 19 20 |
---------------+-------------------------------------------------------------+-----
Maces & Flails | 4 5 6 8 10 11 13 14 15 16 | 16.1
Fighting       | 6 9 11 12 13 15 16 17 18 20 21 | 21.7
Armour         | 5 8 10 12 13 15 16 17 18 19 20 21 | 21.3
Dodging        | 5 7 9 11 12 14 15 16 17 19 20 | 20.5
Shields        | 5 13 | 13.6
Evocations     | 3 6 8 |  8.0

Action                   |  1- 3 |  4- 6 |  7- 9 | 10-12 | 13-15 | 16-18 | 19-21 || total
-------------------------+-------+-------+-------+-------+-------+-------+-------++-------
Melee: Mace              |    71 |    94 |       |       |       |       |       ||   165
       Headbutt          |    10 |    21 |    66 |   190 |   430 |   754 |   605 ||  2076
       Flail             |       |    65 |   317 |   317 |       |       |       ||   699
       Morningstar       |       |       |       |   423 |  1425 |   754 |       ||  2602
       Demon whip        |       |       |       |       |       |  1454 |  1234 ||  2688
       Eveningstar       |       |       |       |       |       |       |   354 ||   354
Throw: Tomahawk          |       |       |       |       |     2 |       |       ||     2
Invok: Berserk           |     1 |     1 |     2 |     6 |     7 |     6 |     5 ||    28
       Trog's Hand       |     1 |       |     2 |     5 |       |     4 |     1 ||    13
       Brothers in Arms  |       |       |       |     5 |       |     2 |       ||     7
       Burn Spellbooks   |       |       |       |     3 |     3 |     6 |     2 ||    14
 Abil: Evoke Flight      |       |       |       |       |       |     4 |       ||     4
Evoke: Wand              |       |       |     1 |       |     1 |     7 |     1 ||    10
       Fan of gales      |       |       |       |       |       |     1 |       ||     1
  Use: Scroll            |       |       |     6 |    24 |     9 |    10 |    12 ||    61
       Potion            |       |       |       |     2 |     2 |     7 |     1 ||    12
 Stab: Petrified         |       |       |       |       |    11 |       |       ||    11
       Distracted        |       |       |       |       |       |     2 |       ||     2
  Eat: Chunk             |     2 |     8 |    10 |    30 |    45 |    40 |    29 ||   164
       Pizza             |       |       |       |     5 |     3 |     2 |       ||    10
       Fruit             |       |       |       |       |       |    19 |     3 ||    22
Armor: Animal skin       |     8 |       |       |       |       |       |       ||     8
       Plate armour      |    10 |   119 |   175 |   316 |   442 |  1035 |   354 ||  2451
       Scale mail        |       |       |       |    29 |       |       |       ||    29
Dodge: Dodged            |    43 |    61 |   107 |   369 |   696 |  1578 |   820 ||  3674
Block: Buckler           |       |       |       |    61 |   228 |   616 |   316 ||  1221
       Shield            |       |       |       |       |       |       |   260 ||   260
